 Dungeon Crawl Stone Soup version 0.30.1-11-g7821555f0a (webtiles) character file.

Game seed: 16692802663359547301

198 Kallu the Conjurer (level 5, -1/45 HPs)
             Began as a Demigod Conjurer on Jan 1, 2024.
             Slain by Edmund
             ... wielding a +4 dire flail of holy wrath
              (5 damage)
             ... on level 4 of the Dungeon.
             The game lasted 00:05:32 (3095 turns).

Kallu the Conjurer (Demigod Conjurer)               Turns: 3095, Time: 00:05:33

Health: -1/45      AC: 10    Str:  8    XL:     5   Next: 22%
Magic:  7/12       EV: 11    Int: 24    God:
Gold:   234        SH:  0    Dex: 12    Spells: 6/9 levels left

rFire   . . .        m - +0 short sword (holy)
rCold   + . .        (no shield)
rNeg    . . .        q - +6 leather armour of Wu Jian's Respect {rC+ rCorr}
rPois   .            (no helmet)
rElec   .            y - +0 cloak
rCorr   +            (no gloves)
SInv    .            (no boots)
Will    .....        (no amulet)
Stlth   ++           (no ring)
HPRegen 0.27/turn    (no ring)
MPRegen 0.13/turn

%: no passive effects
@: no status effects
A: high MP 1, forlorn, divine attributes
a: no special abilities


You were on level 4 of the Dungeon.
You visited 1 branch of the dungeon, and saw 4 of its levels.

You collected 234 gold pieces.

Inventory:

Hand Weapons
 m - a +0 short sword of holy wrath (weapon)
Missiles
 f - 3 poisoned darts
 s - 3 javelins
 A - an atropa-tipped dart
Armour
 a - a +0 robe
 q - the +6 leather armour of Wu Jian's Respect (worn) {rC+ rCorr}
   (You found it on level 3 of the Dungeon)

   rC:        It protects you from cold.
   rCorr:     It protects you from acid and corrosion.
 w - a +0 buckler
 y - a +0 cloak (worn)
Jewellery
 u - a +6 ring of dexterity
Scrolls
 j - 3 scrolls of identify
 o - a scroll of acquirement
 p - a scroll of blinking {unknown}
 v - a scroll of noise {unknown}
 x - a scroll of fear {unknown}
Potions
 b - a potion of magic
 c - a potion of heal wounds {unknown}
 e - 2 potions of might {unknown}
 g - a potion of attraction {unknown}
 h - a potion of ambrosia {unknown}
 i - 3 potions of resistance {unknown}
 k - a potion of mutation {unknown}
 l - a potion of berserk rage {unknown}
 r - a potion of cancellation {unknown}
 t - a potion of curing {unknown}
 z - a potion of brilliance {unknown}


   Skills:
 + Level 3.6 Fighting
 - Level 1.7 Dodging
 - Level 1.7 Stealth
 + Level 2.7 Spellcasting
 - Level 4.1 Conjurations


You had 6 spell levels left.
You knew the following spells:

 Your Spells              Type           Power      Damage    Failure   Level
a - Magic Dart            Conj           92%        1d7       3%          1
b - Searing Ray           Conj           46%        2d6       4%          2

Your spell library contained the following spells:

 Spells                   Type           Power      Damage    Failure   Level
 Apportation              Tloc           6%         N/A       16%         1
 Necrotise                Necr           12%        1d4       16%         1
 Sting                    Tmut/Pois      12%        1d3       16%         1
 Summon Small Mammal      Summ           12%        N/A       16%         1
 Dazzling Flash           Conj/Hex       26%        N/A       21%         3
 Ozocubu's Armour         Ice            3%         N/A       43%         3
 Fulminant Prism          Conj/Hex       6%         3d7       56%         4
 Iskenderun's Mystic Bla  Conj/Tloc      13%        2d5       56%         4
 Metabolic Englaciation   Hex/Ice        1%         N/A       99%         5
 Simulacrum               Ice/Necr       1%         N/A       100%        6
 Ozocubu's Refrigeration  Ice            1%         4d7       100%        7


Dungeon Overview and Level Annotations

Branches:
Dungeon (4/15)
 Temple: D:4-7

Annotations:
D:4 Edmund


Innate Abilities, Weirdness & Mutations

You have an increased reservoir of magic. (+10% MP)
You shall have no god before yourself.
Your divine heritage dramatically boosts your attributes as you level up.


Message History

You throw an atropa-tipped dart. The atropa-tipped dart hits Edmund.
Edmund appears confused.
Edmund is lightly wounded.
Edmund hits you with a +4 dire flail of holy wrath.
Your magical contamination has completely faded away.
Edmund seems less confused.
Edmund barely misses you.
You strike the helpless Edmund from behind!
You hit Edmund but do no damage.
Edmund is lightly wounded.
Edmund closely misses you. Edmund closely misses you.
Edmund is no longer blind.
Throw: 3 darts (atropa)
Press: ? - help, Shift-Dir - straight line, f/p - Edmund
Aim: Edmund, wielding a +4 dire flail of holy wrath and wearing a +2 scale mail of cold resistance (lightly wounded, fast, 61% to hit, chance to blind on hit: 51%)
You throw an atropa-tipped dart.
The atropa-tipped dart barely misses Edmund.
The atropa-tipped dart barely misses the lemure.
The atropa-tipped dart hits the lemure.
The lemure appears confused.
The lemure seems less confused.
Edmund barely misses you.
Edmund says, "I'm quite good with sums, too."
Edmund hits you with a +4 dire flail of holy wrath.
* * * LOW HITPOINT WARNING * * *
Throw: 2 darts (atropa)
Press: ? - help, Shift-Dir - straight line, f/p - Edmund
Aim: Edmund, wielding a +4 dire flail of holy wrath and wearing a +2 scale mail of cold resistance (lightly wounded, fast, 61% to hit, chance to blind on hit: 61%)
You throw an atropa-tipped dart.
The atropa-tipped dart barely misses Edmund.
The atropa-tipped dart misses the lemure.
The atropa-tipped dart barely misses the lemure.
Edmund hits you but does no damage.
An orc comes into view. It is wielding a +0 flail.
Unknown command.
As you read the scroll labelled ODOUKA RUL FUJARE, it crumbles to dust.
Wisps of shadow whirl around you...
It was a scroll of summoning.
Edmund hits you with a +4 dire flail of holy wrath.
* * * LOW HITPOINT WARNING * * *
Edmund hits you with a +4 dire flail of holy wrath.
You die...

..####.# ...# .......###..o##
##### .... ...#..#..# #..#. .#
.....#....##(.# #..#. ..
#...#......(.# #.... #.
#.....[.##.5## #.... #..
##.....g.## #.... #..#
###.......@5# #...#
#...##...#...S†@.# #....
##..#.....#......## ###.#
......##.##...g..## #...#
......##.####.....# #....
......#..###.[....# #....
..................# #....
..........##....#.# #....
.........####...#############..##
#......######..#####......#.....#


You could see Edmund (fast, ally target), 2 lemures, an orc, 2 friendly
hobgoblins and a friendly ball python (summoned).

Vanquished Creatures
  A phantom (D:4)
  A sleepcap (D:3)
  3 adders
  A dart slug (D:2)
  4 orcs (D:4)
  5 bats
  6 endoplasms
  3 giant cockroaches
  8 goblins
  7 hobgoblins
  8 kobolds
  2 quokkas
  7 ball pythons
  2 frilled lizards
  4 rats
62 creatures vanquished.

Notes
Turn   | Place    | Note
-------+----------+-------------------------------------------
     0 | D:1      | Kallu the Demigod Conjurer began the quest for the Orb.
     0 | D:1      | Reached XP level 1. HP: 14/14 MP: 5/5
   260 | D:1      | Reached skill level 1 in Fighting
   274 | D:1      | Reached XP level 2. HP: 23/23 MP: 4/7
   555 | D:1      | Reached skill level 4 in Conjurations
   610 | D:1      | Learned a level 2 spell: Searing Ray
   981 | D:2      | Reached XP level 3. HP: 29/29 MP: 2/8
  2046 | D:3      | Identified the +6 leather armour of Wu Jian's Respect {rC+
                  | rCorr}
  2367 | D:3      | Got Plato's Tractate on Putrescence
  2507 | D:3      | Reached XP level 4. HP: 29/38 MP: 0/9
  2967 | D:4      | Noticed a phantom
  2981 | D:4      | Killed a phantom
  2982 | D:4      | Reached XP level 5. HP: 39/45 MP: 0/12
  3076 | D:4      | Noticed Edmund
  3086 | D:4      | Identified a scroll of acquirement
  3095 | D:4      | Slain by Edmund

Illustrated notes

Levels and vault maps discovered:
D:1:      mrwooster_arrival_arrow, layout_loops_ring
D:2:      layout_loops_ring, kennysheep_generic_room_8
D:3:      layout_loops_ring, shapermc_ecumenical_altar_rom_forum,
          minmay_pentomino_pile
D:4:      layout_cave_pools, uniq_crazy_yiuf_cottage, uniq_pikel, uniq_edmund

Skill      XL: |  1  2  3 |
---------------+----------+-----
Fighting       | 1 3 |  3.6
Conjurations   | 4 |  4.1
Spellcasting   | 2 |  2.7
Dodging        | |  1.7
Stealth        | |  1.7

Action                     |  1- 3 |  4- 6 || total
---------------------------+-------+-------++-------
  Melee: Unarmed           |     8 |       ||     8
         Short sword       |    23 |     2 ||    25
         Rapier            |     3 |       ||     3
         Punch             |     1 |       ||     1
  Throw: Dart              |       |     6 ||     6
         Throwing net      |       |     1 ||     1
   Cast: Magic Dart        |    82 |    10 ||    92
         Searing Ray       |     3 |     4 ||     7
    Use: Scroll            |       |     2 ||     2
   Stab: Invisible         |       |     1 ||     1
 Armour: Robe              |     3 |       ||     3
         Leather armour    |    16 |     6 ||    22
  Dodge: Dodged            |    29 |    10 ||    39
